 Seeded DCSS version 0.30.1-11-g7821555f0a (webtiles) character file.

Game seed: 5 (custom seed)

478 Kazon the Chopper (level 6, 0/48 HPs)
             Began as a Demonspawn Gladiator on Jan 8, 2024.
             Was a Follower of Okawaru.
             Slain by a black bear (6 damage)
             ... on level 4 of the Dungeon.
             The game lasted 00:12:49 (2839 turns).

Kazon the Chopper (Demonspawn Gladiator)            Turns: 2839, Time: 00:12:50

Health: 0/48       AC:  7    Str: 16    XL:     6   Next: 85%
Magic:  16/16      EV:  9    Int: 11    God:    Okawaru [*.....]
Gold:   203        SH: 14    Dex: 21    Spells: 5/5 levels left

rFire   . . .        a - +0 war axe
rCold   . . .        c - +0 tower shield
rNeg    . . .        b - +0 leather armour
rPois   .            (helmet restricted)
rElec   +            (no cloak)
rCorr   .            (no gloves)
SInv    .            B - +2 pair of boots of Ifalask {rElec Will+ Int+2 Stlth+}
Will    +....        (no amulet)
Stlth   +++          r - ring of magical power
HPRegen 0.28/turn    y - +6 ring of dexterity
MPRegen 0.15/turn

%: no passive effects
@: no status effects
A: antennae 2, rugged brown scales 1, powered by death 1
a: Renounce Religion, Heroism


You were on level 4 of the Dungeon.
You worshipped Okawaru.
Okawaru was aware of your devotion.
You visited 2 branches of the dungeon, and saw 5 of its levels.

You collected 203 gold pieces.

Inventory:

Hand Weapons
 a - a +0 war axe (weapon)
 e - a +2 vampiric dagger
 f - a +0 hand axe of flaming
Missiles
 d - 3 throwing nets
 g - 17 stones (quivered)
 k - 3 boomerangs
 l - 5 poisoned darts
 s - a javelin
Armour
 b - a +0 leather armour (worn)
 c - a +0 tower shield (worn)
 B - the +2 pair of boots of Ifalask (worn) {rElec Will+ Int+2 Stlth+}
   (You acquired it on level 1 of the Dungeon)

   Int:       It affects your intelligence (+2).
   rElec:     It insulates you from electricity.
   Will:      It increases your willpower.
   Stlth:     It makes you more stealthy.
Jewellery
 r - a ring of magical power (left hand)
 y - a +6 ring of dexterity (right hand)
Wands
 C - a wand of paralysis (8)
Scrolls
 h - a scroll of fog {unknown}
 n - 2 scrolls of identify {unknown}
 o - a scroll of summoning {unknown}
 p - 2 scrolls of magic mapping {unknown}
 q - a scroll of blinking {unknown}
 t - 2 scrolls of teleportation {unknown}
 z - a scroll of torment {unknown}
 A - a scroll of amnesia {unknown}
Potions
 i - a potion of resistance {unknown}
 j - 3 potions of curing {unknown}
 m - a potion of magic {unknown}
 u - a potion of flight {unknown}
 v - a potion of berserk rage {unknown}
 w - a potion of invisibility {unknown}
 x - 2 potions of heal wounds {unknown}


   Skills:
 + Level 3.1 Fighting
 + Level 0.6 Short Blades
 + Level 4.4 Axes
 * Level 2.8 Throwing
 + Level 1.4 Armour
 + Level 3.2 Dodging
 + Level 1.5 Stealth
 + Level 2.0 Shields
 * Level 2.3 Invocations


You had 5 spell levels left.
You didn't know any spells.
Your spell library contained the following spells:

 Spells                   Type           Power      Damage    Failure   Level
 Frozen Ramparts          Ice            0%         1d1       100%        3
 Ice Form                 Ice/Tmut       0%         N/A       100%        4
 Summon Ice Beast         Ice/Summ       Unusable   N/A       N/A         4

Dungeon Overview and Level Annotations

Branches:
Dungeon (4/15)             Temple (1/1) D:4

Altars:
Dithmenos
Fedhas
Gozag
Hepliaklqana
Okawaru
Qazlal
Trog
Uskayaw
Wu Jian


Innate Abilities, Weirdness & Mutations

You have a pair of antennae on your head.
You are partially covered in rugged brown scales. (AC +1, +3% HP)
You regenerate a little health from kills.


Message History

Unknown command.
You closely miss the black bear.
The black bear is moderately wounded.
You block the black bear's attack.
The black bear claws you but does no damage.
You block the black bear's attack. The black bear bites you.
The black bear claws you. You block the black bear's attack.
You completely miss the black bear.
The black bear is moderately wounded.
You block the black bear's attack.
The black bear claws you but does no damage.
The black bear closely misses you. The black bear bites you.
The black bear barely misses you.
The black bear claws you but does no damage.
You hit the black bear.
The black bear is heavily wounded.
The black bear bites you. You block the black bear's attack.
The black bear claws you but does no damage.
You hit the black bear but do no damage.
The black bear is heavily wounded.
The black bear barely misses you.
The black bear claws you but does no damage.
You block the black bear's attack. The black bear bites you.
You block the black bear's attack. x2
You barely miss the black bear.
The black bear is heavily wounded.
The black bear closely misses you. The black bear barely misses you.
You block the black bear's attack. The black bear bites you!
The black bear misses you.
The black bear claws you but does no damage.
You slash the black bear!
The black bear is severely wounded.
The black bear goes berserk!
You hit the black bear.
The black bear is almost dead.
The black bear bites you!
* * * LOW HITPOINT WARNING * * *
The black bear claws you but does no damage.
The black bear claws you.
You die...

#.# #.#### #.# #.....
#.###.#### #.....#
#.###.# ##
########.###.# #.
#............# ##
######.######.###.####
#...h@..........†.....
######.######.#.......
#.# ###.#.#.#### ...
........# ####
###.#.#.# #.#.#.#
###.#.#.# ........#
###.#.#.#


You could see a black bear (berserk).

Vanquished Creatures
  Sigmund (D:4)
  A black bear (D:4)
  A scorpion (D:4)
  An iguana (D:4)
  5 adders
  An ufetubus (D:4)
  3 worms
  6 orcs
  4 bats
  9 endoplasms
  A giant cockroach (D:1)
  12 goblins
  7 hobgoblins
  11 jackals
  3 kobolds
  3 quokkas (D:4)
  6 ball pythons
  3 frilled lizards
  4 rats
82 creatures vanquished.

Notes
Turn   | Place    | Note
-------+----------+-------------------------------------------
     0 | D:1      | Kazon the Demonspawn Gladiator began the quest for the Orb.
     0 | D:1      | Reached XP level 1. HP: 16/16 MP: 1/1
    52 | D:1      | Identified a scroll of acquirement
    52 | D:1      | Acquired the +2 pair of boots of Ifalask {rElec Will+ Int+2
                  | Stlth+}
    98 | D:1      | Gained mutation: You have a pair of small antennae on your
                  | head. [demonic ancestry]
    98 | D:1      | Reached XP level 2. HP: 18/23 MP: 2/2
   165 | D:1      | Reached skill level 3 in Axes
   412 | D:1      | Gained mutation: You are partially covered in rugged brown
                  | scales. (AC +1, +3% HP) [demonic ancestry]
   412 | D:1      | Reached XP level 3. HP: 20/28 MP: 3/3
  1169 | D:2      | Reached XP level 4. HP: 35/35 MP: 4/4
  1540 | D:3      | Found a blossoming altar of Fedhas.
  1745 | D:3      | Found a stormy altar of Qazlal.
  1843 | D:3      | Found a faded altar of an unknown god.
  1863 | D:3      | Identified the +2 sling "Qeuhanocyt" {speed, rElec Str-3
                  | Dex+2}
  2024 | D:4      | Found a staircase to the Ecumenical Temple.
  2033 | Temple   | Entered the Ecumenical Temple
  2047 | Temple   | Became a worshipper of Warmaster Okawaru
  2070 | D:4      | Reached skill level 1 in Stealth
  2100 | D:4      | Noticed Sigmund
  2114 | D:4      | Killed Sigmund
  2115 | D:4      | Reached skill level 4 in Axes
  2115 | D:4      | Reached skill level 1 in Armour
  2115 | D:4      | Reached skill level 1 in Shields
  2115 | D:4      | Reached skill level 1 in Invocations
  2115 | D:4      | Gained mutation: You regenerate a little health from kills.
                  | [demonic ancestry]
  2115 | D:4      | Reached XP level 5. HP: 35/42 MP: 6/6
  2115 | D:4      | Gained mutation: You have a pair of antennae on your head.
                  | [demonic ancestry]
  2115 | D:4      | Reached XP level 6. HP: 40/48 MP: 7/7
  2372 | D:4      | Reached * piety under Okawaru
  2784 | D:4      | Found a hazy altar of Hepliaklqana.
  2786 | D:4      | Found a shadowy altar of Dithmenos.
  2787 | D:4      | Noticed a shadow
  2839 | D:4      | Slain by a black bear

Illustrated notes

Levels and vault maps discovered:
D:1:      ebering_trefoil_3fold, layout_basic, st_stairs_14, serial_bayou_ford_a
D:2:      layout_basic, hangedman_decor_growths, minmay_close_crescents
D:3:      layout_rooms, mainiacjoe_overflow_concentric_impassable,
          mainiacjoe_overflow_paths, shapermc_ecumenical_altar_acropolis,
          chequers_serial_rivers_micro_b
D:4:      layout_basic, riverfiend_overflow_shadow_ancestor,
          minmay_temple_entry_glass, uniq_sigmund
Temple:   nicolae_temple_elliptical

Skill      XL: |  1  2  3  4  5  6 |
---------------+-------------------+-----
Axes           | 3 4 |  4.4
Dodging        | 3 |  3.2
Throwing       | 2 |  2.8
Stealth        | 1 |  1.5
Fighting       | 3 |  3.1
Armour         | 1 |  1.4
Shields        | 1 2 |  2.0
Invocations    | 1 2 |  2.3
Short Blades   | |  0.6

Action                     |  1- 3 |  4- 6 || total
---------------------------+-------+-------++-------
  Melee: War axe           |   150 |   136 ||   286
         Dagger            |       |    14 ||    14
  Throw: Stone             |       |     5 ||     5
 Invoke: Heroism           |       |     1 ||     1
    Use: Scroll            |     2 |       ||     2
   Stab: Sleeping          |     5 |     5 ||    10
 Armour: Leather armour    |    64 |    62 ||   126
  Dodge: Dodged            |    82 |    74 ||   156
  Block: Tower shield      |    58 |   143 ||   201
